Map: Acropolis LE

Players

Serral - Winner!

  • Race: Zerg Zerg
  • Spawn Location: 11:00

TIME (Oliveira)

  • Race: Terran Terran
  • Spawn Location: 5:00

Event: 2019 WCS Global FInals

VOD

Have the link to the VOD?

Description

Time

  • Played on: Oct. 25, 2019, 2:06 a.m.
  • Length: 5:44

All games in this series

Show
View Real Time Build Order
Export as new Build Order

Serral Zerg - Winner!

Build Orders: Hatch First 

Get SALT Encoding   

  12  0:00  Drone  
  13  0:12  Overlord  
  13  0:16  Drone  
  14  0:30  Drone x2  
  16  0:48  Hatchery  
  15  0:51  Drone  
  15  0:54  Drone  
  17  1:09  Spawning Pool  
  16  1:14  Drone  
  17  1:21  Drone  
  17  1:22  Drone  
  19  1:28  Drone  
  19  1:31  Extractor  
  19  1:42  Overlord  
  19  1:56  Queen  
  19  1:57  Zergling x2  
  19  2:00  Queen  
  24  2:04  Zergling x2  
  24  2:06  Zergling x2  
  26  2:12  Drone  
  26  2:13  Drone  
  28  2:27  Drone x2  
  30  2:32  Metabolic Boost  
  30  2:38  Drone  
  30  2:43  Drone x2  
  33  2:44  Drone  
  33  2:56  Drone, Hatchery  
  33  3:01  Drone  
  34  3:11  Drone, Roach Warren  
  34  3:12  Drone x2  
  35  3:15  Extractor  
  35  3:16  Overlord  
  35  3:25  Overlord  
  36  3:34  Queen  
  36  3:35  Drone x5  
  43  3:46  Drone x2  
  43  3:47  Roach Warren, Extractor  
  43  3:50  Overlord, Drone x2  
  45  3:57  Overlord  
  45  4:03  Zergling x2  
  45  4:07  Queen  
  45  4:09  Queen  
  50  4:18  Overlord  
  50  4:29  Roach x7  
  64  4:36  Overlord  
  64  4:37  Roach  
  66  4:41  Roach  
  66  4:42  Roach x2  
  66  4:45  Overlord  
  72  4:49  Zergling x6  
  72  4:50  Zergling x2  
  76  4:57  Zergling x6  
  77  5:04  Zergling x2  
  77  5:05  Zergling x4  
  80  5:11  Ravager x2  
  80  5:12  Ravager, Zergling x4  
  85  5:16  Overlord  
  85  5:18  Zergling x12  
  85  5:19  Ravager  
  92  5:21  Overlord  
Show
View Real Time Build Order
Export as new Build Order

TIME Terran 

Build Orders: Reaper Expand 

Get SALT Encoding   

  12  0:01  SCV  
  13  0:13  SCV  
  14  0:18  Supply Depot  
  14  0:25  SCV  
  15  0:40  Barracks  
  15  0:51  Barracks  
  15  0:55  SCV  
  16  1:01  Refinery  
  16  1:07  SCV  
  17  1:19  SCV  
  18  1:27  Marine  
  18  1:32  Orbital Command  
  18  1:46  Reaper  
  19  1:56  Command Center  
  19  1:58  SCV  
  20  2:10  SCV  
  20  2:12  Supply Depot  
  21  2:22  SCV  
  22  2:24  Factory  
  22  2:34  SCV  
  23  2:46  SCV  
  24  2:52  Command Center  
  23  2:58  SCV  
  23  3:08  Factory Reactor  
  23  3:11  SCV  
  24  3:18  Orbital Command  
  24  3:23  SCV  
  25  3:35  SCV  
  25  3:38  Orbital Command  
  25  3:40  Barracks  
  26  3:45  Hellion x2  
  26  3:46  Barracks Tech Lab  
  26  3:48  SCV  
  31  3:50  Refinery  
  31  4:00  SCV  
  32  4:04  SCV  
  32  4:05  Orbital Command  
  33  4:12  Hellion x2, SCV  
  33  4:14  Marine  
  39  4:20  SCV  
  40  4:26  SCV  
  41  4:32  SCV x2  
  41  4:37  Starport  
  43  4:38  Marine  
  43  4:40  Factory Reactor  
  43  4:41  Marine  
  43  4:42  Marine  
  43  4:43  SCV  
  43  4:44  SCV x2  
  49  4:55  SCV  
  49  4:56  Marine, SCV  
  49  4:59  Marine  
  51  5:03  Marine  
  52  5:07  SCV  
  52  5:08  SCV  
  52  5:10  Supply Depot  
  53  5:14  Bunker, Marine  
  53  5:15  Bunker  
  53  5:17  Marine  
  53  5:18  Bunker  
  53  5:19  SCV  
  53  5:20  Marine, SCV  
  58  5:23  Factory Tech Lab  
  60  5:31  Supply Depot x2, SCV  
Tags
 
Add a new tag
Caveats
  • Supply blocks, unpowered buildings, or Contaminate may cause inaccurate times.
  • Supply counts are checked every 10 seconds.